 Dungeon Crawl Stone Soup version 0.28.0 (webtiles) character file.

Game seed: 1452037992796930062

123 ProzacElf the Ruffian (level 4, -8/41 HPs)
             Began as a Troll Hedge Wizard on Feb 15, 2022.
             Was a Follower of Ru.
             Mangled by an ogre (25 damage)
             ... on level 4 of the Dungeon.
             The game lasted 00:05:48 (2737 turns).

ProzacElf the Ruffian (Troll Hedge Wizard)          Turns: 2737, Time: 00:05:49

Health: -8/41      AC:  5    Str: 18    XL:     4   Next: 80%
Magic:  14/15      EV:  9    Int: 12    God:    Ru [*.....]
Gold:   189        SH:  0    Dex:  9    Spells: 2/7 levels left

rFire   . . .      SeeInvis .     - Unarmed
rCold   . . .      Faith    .   (no shield)
rNeg    . . .      Spirit   .   q - +0 robe
rPois   .          Reflect  .   a - +1 hat
rElec   .          Harm     .   (no cloak)
rCorr   .          Rampage  .   (gloves unavailable)
Will    .....                   (boots unavailable)
Stlth   +.........              (no amulet)
HPRegen 0.93/turn               o - ring of magical power
MPRegen 0.14/turn               (no ring)

@: no status effects
A: large, unfitting armour, claws 3, regeneration 1, shaggy fur 1, tough skin 1,
inability to train dodging
a: Renounce Religion


You were on level 4 of the Dungeon.
You worshipped Ru.
Ru was aware of your devotion.
You visited 1 branch of the dungeon, and saw 4 of its levels.

You collected 189 gold pieces.

Inventory:

Hand Weapons
 b - the +9 mace of Ziexeini {freeze, +Blink}
   (You found it on level 3 of the Dungeon)

   It freezes those it strikes, dealing additional cold damage.
   It can also slow down cold-blooded creatures.
   +Blink:    It lets you blink.
 c - a +0 dagger
Missiles
 d - 119 stones (quivered)
 m - 64 bolts
Armour
 a - a +1 hat (worn)
 q - a +0 robe (worn)
Jewellery
 o - a ring of magical power (left claw)
Scrolls
 e - a scroll of immolation
 g - 2 scrolls of amnesia
 l - a scroll of teleportation
Potions
 h - 2 potions of might {unknown}
 i - a potion of degeneration {unknown}
 j - a potion of ambrosia {unknown}
 n - a potion of magic {unknown}
 p - a potion of heal wounds {unknown}


   Skills:
 + Level 1.2 Fighting
   Level 0.0 Dodging
 - Level 1.0 Stealth
 + Level 3.0 Unarmed Combat
 - Level 2.0 Spellcasting
 - Level 0.6 Conjurations
 - Level 0.6 Summonings
 - Level 0.6 Translocations


You had 2 spell levels left.
You knew the following spells:

 Your Spells              Type           Power      Damage    Failure   Level
a - Magic Dart            Conj           8%         1d3       22%         1
b - Call Imp              Summ           2%         N/A       32%         2
o - Blink                 Tloc           4%         N/A       32%         2

Your spell library contained the following spells:

 Spells                   Type           Power      Damage    Failure   Level
 Foxfire                  Conj/Fire      4%         2x1d4     24%         1
 Slow                     Hex            4%         N/A       26%         1
 Conjure Flame            Conj/Fire      1%         6-21      58%         3
 Mephitic Cloud           Conj/Pois/Air  1%         N/A       58%         3
 Inner Flame              Hex/Fire       1%         N/A       63%         3
 Flame Wave               Conj/Fire      1%         2d4       94%         4


Dungeon Overview and Level Annotations

Branches:
Dungeon (4/15)
 Temple: D:4-7

Altars:
Elyvilon
Gozag
Ru

Shops:
D:1 =


Innate Abilities, Weirdness & Mutations

You are too large for most types of armour.
You have claws for hands.
Your natural rate of healing is unusually fast.
You are covered in fur. (AC +1)
You have tough skin. (AC +1)
You cannot train Dodging skill.


Message History

Ye throw a poison'd dart.
Tha poison'd dart closely misses tha ogre.
Throw: 3 darts (poison)
Press: ? - help, Q - select action, (/) - cycle Shift-Dir - straight line, f/p - ogre
Aim: an ogre, wieldin' a +0 giant club (70% ta hit) Ye throw a poison'd dart.
Tha poison'd dart hits tha ogre.
Tha ogre be poison'd.
Throw: 2 darts (poison)
Press: ? - help, Q - select action, (/) - cycle Shift-Dir - straight line, f/p - ogre
Aim: an ogre, wieldin' a +0 giant club (poison'd, 70% ta hit) Ye throw a poison'd dart.
Tha poison'd dart completely misses tha ogre.
Throw: dart (poison)
Press: ? - help, Q - select action, (/) - cycle Shift-Dir - straight line, f/p - ogre
Aim: an ogre, wieldin' a +0 giant club (lightly wounded, poison'd, 70% ta hit) Ye throw a poison'd dart.
Tha poison'd dart completely misses tha ogre.
Cast which spell? (? or * ta list) Aimin': Magic Dart (safe; 22% risk o' failure)
Press: ? - help, Shift-Dir - straight line, f/p - ogre
Aim: an ogre, wieldin' a +0 giant club (lightly wounded, poison'd, 100% ta hit) Tha magic dart hits tha ogre.
Tha ogre be lightly wounded.
Ye now haf 14/15 mp.
Ye completely miss tha ogre.
Tha ogre be moderately wounded.
Tha ogre hits ye wit' a +0 giant club!
Ye take 9 damage, an' haf 32/41 hp.
MASSIVE DAMAGE!!
Ye scratch tha ogre.
Tha ogre be heavily wounded.
Tha ogre looks more healthy.
Ye barely miss tha ogre.
Tha ogre be heavily wounded.
Tha ogre hits ye wit' a +0 giant club!!
Ye take 17 damage, an' haf 16/41 hp.
MASSIVE DAMAGE!!
Ye claw tha ogre!
Tha ogre be severely wounded.
Tha ogre hits ye wit' a +0 giant club!!
Ouch! Tha re'lly hurt!
Ye die...

#.....# #.####
##(....####.......
#(.....##....#.#..
#(#######....+....
##.#######....##...
#........#....##...
#..#####......##...
#.O# ###......##...
#.@# #.........#...
#..# ####......##.#
#... ..........##..
..######...........
### #...#.####..
#.....#.#.....
#.###.#...[... # .
###.##.. # #.###.


You could see an ogre.

Vanquished Creatures
  A centaur skeleton (D:4)
  3 adders
  A dart slug (D:3)
  5 orcs
  5 ball pythons
  10 endoplasms
  A giant cockroach (D:3)
  5 goblins
  5 hobgoblins
  3 quokkas
  3 bats
  5 frilled lizards
  6 kobolds
  5 rats
58 creatures vanquished.

Vanquished Creatures (others)
  A goblin (D:3)
  7 toadstools (D:1)
8 creatures vanquished.

Grand Total: 66 creatures vanquished

Notes
Turn   | Place    | Note
-------+----------+-------------------------------------------
     0 | D:1      | ProzacElf the Troll Hedge Wizard began the quest for the
                  | Orb.
     0 | D:1      | Reached XP level 1. HP: 16/16 MP: 2/2
   163 | D:1      | Reached skill level 1 in Unarmed Combat
   215 | D:1      | Reached XP level 2. HP: 20/24 MP: 4/4
   223 | D:1      | Learned a level 2 spell: Blink
   226 | D:1      | Learned a level 2 spell: Call Imp
   382 | D:1      | Found Gima's Jewellery Shop.
   873 | D:2      | Reached XP level 3. HP: 31/31 MP: 5/5
   901 | D:2      | Reached skill level 2 in Unarmed Combat
  1806 | D:3      | Found a faded altar of an unknown god.
  1833 | D:3      | Prayed at the altar of an unknown god.
  1833 | D:3      | Became a worshipper of Ru the Awakened
  1848 | D:3      | Gained mutation: You cannot train Dodging skill. [Ru
                  | sacrifice]
  1848 | D:3      | Reached * piety under Ru
  1969 | D:3      | Reached XP level 4. HP: 39/39 MP: 6/6
  2087 | D:3      | Found an opulent altar of Gozag.
  2342 | D:3      | Identified the +9 mace of Ziexeini {freeze, +Blink}
  2593 | D:4      | Reached skill level 1 in Fighting
  2593 | D:4      | Reached skill level 3 in Unarmed Combat
  2646 | D:4      | Found a white marble altar of Elyvilon.
  2718 | D:4      | Noticed an ogre
  2737 | D:4      | Mangled by an ogre

Illustrated notes

Levels and vault maps discovered:
D:1:      nagdon_arrival_double_spiral, layout_loops_ring, serial_shops, shop,
          nicolae_concentric_dashed_squares_mild, minmay_misc_feat_enclosed
D:2:      layout_basic, minmay_misc_feat_more_columns
D:3:      layout_basic, amcnicky_altar_gilded, shapermc_ecumenical_altar_venn,
          minmay_cut_off
D:4:      layout_basic, mainiacjoe_overflow_swirl, portal_sewer_entry_d

Skill      XL: |  1  2  3  4 |
---------------+-------------+-----
Unarmed Combat | 1 2 3 |  3.0
Dodging        | 2 0 |  0.0
Fighting       | 1 |  1.2
Stealth        | |  1.0
Spellcasting   | |  2.0
Conjurations   | |  0.6
Summonings     | |  0.6
Translocations | |  0.6

Action                   |  1- 3 |  4- 6 || total
-------------------------+-------+-------++-------
Melee: Unarmed           |   137 |    48 ||   185
       Punch             |     2 |     1 ||     3
       Mace              |       |     4 ||     4
Throw: Dart              |       |     4 ||     4
 Cast: Magic Dart        |       |     1 ||     1
Invok: Sacrifice Nimblen |     1 |       ||     1
  Use: Scroll            |       |     7 ||     7
 Stab: Sleeping          |     3 |       ||     3
Armor: Robe              |    49 |    17 ||    66
Dodge: Dodged            |    68 |    13 ||    81
